 Dungeon Crawl Stone Soup version 0.21.1-1-g345015f (webtiles) character file.

340 infcreate the Chopper (level 6, -13/53 HPs)
             Began as a Minotaur Fighter on May 5, 2018.
             Mangled by an ogre
             ... wielding a +0 giant spiked club
              (16 damage)
             ... on level 3 of the Dungeon.
             The game lasted 00:16:05 (3038 turns).

infcreate the Chopper (Minotaur Fighter)            Turns: 3038, Time: 00:16:06

Health: -13/53     AC:  9    Str: 23    XL:     6   Next: 30%
Magic:  5/5        EV:  6    Int:  5    God:
Gold:   137        SH: 10    Dex:  9    Spells: 5/5 levels left

rFire    . . .     SeeInvis .   a - +0 war axe
rCold    . . .     Gourm    .   c - +0 shield
rNeg     . . .     Faith    .   u - +0 chain mail
rPois    .         Spirit   .   (helmet restricted)
rElec    .         Reflect  .   (no cloak)
rCorr    .         Harm     .   (no gloves)
MR       .....                  (no boots)
Stlth    ..........             j - amulet of magic regeneration
HPRegen  0.17/turn              (no ring)
MPRegen  0.34/turn              (no ring)

@: no status effects
A: retaliatory headbutt, horns 2
a: no special abilities


You were on level 3 of the Dungeon.
You were not hungry.

You visited 1 branch of the dungeon, and saw 4 of its levels.

You collected 137 gold pieces.

Inventory:

Hand Weapons
 a - a +0 war axe (weapon)
 m - a +1 hand axe of freezing
Armour
 b - a +0 scale mail
 c - a +0 shield (worn)
 u - a +0 chain mail (worn)
Jewellery
 j - an amulet of magic regeneration (around neck)
Wands
 p - a wand of polymorph (3)
Scrolls
 e - a scroll of noise {unknown}
 h - 5 scrolls of remove curse {unknown}
 i - 3 scrolls of identify {unknown}
 l - 4 scrolls of teleportation {unknown}
 o - a scroll of enchant armour {unknown}
 r - a scroll of random uselessness {unknown}
Potions
 d - a potion of might
 g - a potion of mutation {unknown}
 k - 3 potions of lignification {unknown}
 n - a potion of berserk rage {unknown}
 q - a potion of heal wounds {unknown}
 s - a potion of magic {unknown}
 t - a potion of brilliance {unknown}
Comestibles
 f - 11 rations


   Skills:
 + Level 4.6 Fighting
 + Level 5.5 Axes
 + Level 5.0 Armour
 + Level 5.1 Shields


You had 5 spell levels left.
You didn't know any spells.

Dungeon Overview and Level Annotations

Branches:
Dungeon (4/15)
 Temple: D:4-7

Altars:
Fedhas
Uskayaw
Wu Jian

Annotations:
D:3 bmj180's ghost, amateur HaFi


Innate Abilities, Weirdness & Mutations

You reflexively headbutt those who attack you in melee.
You have a pair of horns on your head.


Message History

You hit the orc but do no damage. You slash the ogre!
You block the orc's attack. The ogre barely misses you. x2
You furiously retaliate!
You headbutt the ogre, but do no damage.
The orc hits you but does no damage.
There is a stone staircase leading up here.
The ogre hits you with a giant club! You block the ogre's attack.
The orc hits you but does no damage.
You climb upwards.
Level annotation: bmj180's ghost, amateur HaFi
There is a stone staircase leading down here.
You hit the ogre. You headbutt the ogre.
The ogre is almost dead.
You hit the orc.
Your shield prevents you from hitting the ogre.
The ogre hits you with a giant club!
* * * LOW HITPOINT WARNING * * *
The orc hits you but does no damage.
The ogre hits you with a giant spiked club!
You die...

#.(<.................##.# #.#
#.....#####.#######..##.# ####.##
##)..## #.# #..##.. ...>.#
.....### #.# #..#########..#
###....# #.# #... ..........
##.#.# #.# #..## #####..# ## #.#.#
#.# #..# #..#
.###.#.####.#######..# #..#
#............[.O@O.รท.#########..#
.###.#.........o####............#
.# #.#..######### ###########..#
.# #.#..# ##... .# #....# #.... .#
###..# #.... .# #..# #.... ## #..#
#.(## ######..# #..#


You could see 2 ogres and an orc.

Vanquished Creatures
  A scorpion (D:4)
  2 orc wizards
  A worker ant (D:4)
  8 gnolls (D:3)
  3 adders
  An ooze (D:4)
  2 worms
  2 dart slugs
  A leopard gecko (D:1)
  13 orcs
  8 bats
  5 giant cockroaches
  9 goblins
  12 hobgoblins
  3 jackals (D:1)
  5 kobolds
  2 quokkas (D:3)
  A ball python (D:3)
  3 frilled lizards
  9 rats
  A plant (D:1)
92 creatures vanquished.

Notes
Turn   | Place    | Note
-------+----------+-------------------------------------------
     0 | D:1      | infcreate the Minotaur Fighter began the quest for the Orb.
     0 | D:1      | Reached XP level 1. HP: 19/19 MP: 0/0
   104 | D:1      | Reached XP level 2. HP: 24/27 MP: 1/1
   367 | D:1      | Reached XP level 3. HP: 31/33 MP: 2/2
   902 | D:2      | Found a hide-covered altar of Uskayaw.
  1209 | D:2      | Reached XP level 4. HP: 35/40 MP: 3/3
  1339 | D:2      | Found an ornate altar of the Wu Jian Council.
  1448 | D:3      | Reached XP level 5. HP: 45/46 MP: 4/4
  1908 | D:3      | Noticed bmj180's ghost (amateur HaFi)
  2634 | D:4      | Reached skill level 5 in Axes
  2635 | D:4      | Reached skill level 5 in Shields
  2653 | D:4      | Reached skill level 5 in Armour
  2653 | D:4      | Reached XP level 6. HP: 29/53 MP: 5/5
  2865 | D:4      | Found a blossoming altar of Fedhas.
  3038 | D:3      | Mangled by an ogre

Skill      XL: |  1  2  3  4  5 |
---------------+----------------+-----
Shields        | 4 5 |  5.1
Fighting       | 4 |  4.6
Armour         | 4 5 |  5.0
Axes           | 3 4 5 |  5.5

Action                   |  1- 3 |  4- 6 || total
-------------------------+-------+-------++-------
Melee: War axe           |   114 |   135 ||   249
       Headbutt          |    20 |    34 ||    54
       Hand axe          |     4 |    18 ||    22
       Unarmed           |       |    12 ||    12
  Eat: Chunk             |     1 |     3 ||     4
       Ration            |       |     1 ||     1
Armor: Scale mail        |    60 |    34 ||    94
       Chain mail        |       |    18 ||    18
Dodge: Dodged            |    29 |    40 ||    69
Block: Shield            |    81 |    65 ||   146
